 Dungeon Crawl Stone Soup version 0.21.1-1-g345015f (webtiles) character file.

79 Melicamp the Magician (level 4, 0/32 HPs)
             Began as a Gnoll Wanderer on Apr 5, 2018.
             Was a Follower of Nemelex Xobeh.
             Shot with an arrow by a centaur (10 damage)
             ... on level 3 of the Dungeon.
             The game lasted 00:13:40 (2604 turns).

Melicamp the Magician (Gnoll Wanderer)              Turns: 2604, Time: 00:13:41

Health: 0/32       AC:  5    Str: 15    XL:     4   Next: 38%
Magic:  8/13       EV: 12    Int: 15    God:    Nemelex Xobeh [*.....]
Gold:   111        SH:  0    Dex: 14    Spells: 13/17 levels left

rFire    . . .     SeeInvis .   a - +2 dagger
rCold    . . .     Gourm    .   (no shield)
rNeg     . . .     Faith    .   e - +1 robe
rPois    .         Spirit   .   (no helmet)
rElec    .         Reflect  .   (no cloak)
rCorr    .         Harm     .   (no gloves)
MR       .....                  (no boots)
Stlth    ++........             (no amulet)
HPRegen  0.10/turn              o - +2 ring of protection
MPRegen  0.13/turn              (no ring)

@: no status effects
A: distributed training, fangs 1, strong nose
a: Renounce Religion


You were on level 3 of the Dungeon.
You worshipped Nemelex Xobeh.
Nemelex Xobeh was aware of your devotion.
You were not hungry.

You visited 1 branch of the dungeon, and saw 3 of its levels.

You collected 111 gold pieces.

Inventory:

Hand Weapons
 a - a +2 dagger (weapon)
Armour
 e - a +1 robe (worn)
Jewellery
 o - a +2 ring of protection (left hand)
Wands
 j - a wand of polymorph (11)
Scrolls
 b - 3 scrolls of blinking
 g - 3 scrolls of identify
 i - a scroll of enchant armour
 m - 2 scrolls of remove curse
 p - a scroll of amnesia
Potions
 h - a potion of brilliance
 r - 2 potions of curing
Books
 c - the Handbook of Snow

   Spells                             Type                      Level
   a - Throw Frost                    Conjuration/Ice              2
   b - Ensorcelled Hibernation        Hexes/Ice                    2
 d - the Almanac of Transmutation

   Spells                             Type                      Level
   a - Beastly Appendage              Transmutation                1
   b - Ignite Poison                  Fire/Transmutation/Poison    3
Miscellaneous
 k - an ornate deck of escape {drawn: 1}
 l - a plain deck of destruction {drawn: 2}
Comestibles
 f - 5 rations


   Skills:
 + Level 1.1 Fighting
 + Level 1.1 Short Blades
 + Level 1.1 Long Blades
 + Level 1.1 Axes
 + Level 1.1 Maces & Flails
 + Level 1.1 Polearms
 + Level 1.1 Staves
 + Level 1.1 Slings
 + Level 1.1 Bows
 + Level 1.1 Crossbows
 + Level 2.7 Throwing
 + Level 1.1 Armour
 + Level 1.1 Dodging
 + Level 2.5 Stealth
 + Level 1.1 Shields
 + Level 1.1 Unarmed Combat
 + Level 7.2 Spellcasting
 + Level 0.8 Conjurations
 + Level 0.8 Hexes
 + Level 2.2 Charms
 + Level 0.8 Summonings
 + Level 0.8 Necromancy
 + Level 0.8 Translocations
 + Level 5.4 Transmutations
 + Level 0.8 Fire Magic
 + Level 0.8 Ice Magic
 + Level 2.2 Air Magic
 + Level 0.8 Earth Magic
 + Level 0.8 Poison Magic
 + Level 1.2 Invocations
 + Level 1.1 Evocations


You had 13 spell levels left.
You knew the following spells:

 Your Spells              Type           Power        Failure   Level  Hunger
a - Ensorcelled Hibernat  Hex/Ice        #.....       14%         2    None
b - Throw Frost           Conj/Ice       #.....       14%         2    None


Dungeon Overview and Level Annotations

Branches:
Dungeon (3/15)

Altars:
Makhleb
Nemelex Xobeh


Innate Abilities, Weirdness & Mutations

Your experience applies equally to all skills.
You have very sharp teeth.
Your uncanny sense of smell can sniff out nearby items.


Message History

The goblin closely misses you.
Evoke which item? (* to show all) (? for menu, Esc to quit)
You draw a card...
It is the Elixir.
You begin rapidly regenerating.
The centaur unwields an uncursed shortbow.
The centaur hits you but does no damage.
The leopard gecko bites you but does no damage.
The goblin hits you but does no damage.
The centaur wields an uncursed shortbow.
The centaur shoots an arrow.
The arrow hits you!
* * * LOW HITPOINT WARNING * * *
You see here 2 arrows.
You see here a chunk of flesh.
You hit the leopard gecko.
The leopard gecko is severely wounded.
The leopard gecko barely misses you. The leopard gecko closely misses you.
You hit the leopard gecko.
You kill the leopard gecko!
The centaur shoots an arrow.
The arrow hits you!
You die...
Your body disappears without a glow.

#....#.#
######....#.##.
##.....}.......>
#......(...#.##
#..........#
#........#.#
#.....((gc.#
##.#####†#.# #.#
#@#.# #.# #.# #
#.# #.# ∆ #.#
#.#
######.#####.#
#<...........#
######.#######
#.# #.####


You could see a centaur and a goblin.

Vanquished Creatures
  A hound (D:2)
  2 worms (D:2)
  2 dart slugs
  A leopard gecko (D:3)
  2 ball pythons (D:1)
  2 giant cockroaches (D:2)
  4 goblins
  6 hobgoblins
  7 bats
  3 frilled lizards
  2 kobolds (D:1)
  6 rats
38 creatures vanquished.

Notes
Turn   | Place    | Note
-------+----------+-------------------------------------------
     0 | D:1      | Melicamp the Gnoll Wanderer began the quest for the Orb.
     0 | D:1      | Melicamp set off with: a +2 dagger, a scroll of blinking, the Handbook of Snow, the Almanac of Transmutation, a +0 robe, a ration
     0 | D:1      | Reached XP level 1. HP: 13/13 MP: 8/8
     0 | D:1      | Identified the Handbook of Snow
     0 | D:1      | Identified the Almanac of Transmutation
   394 | D:1      | Found a sparkling altar of Nemelex Xobeh.
   402 | D:1      | Reached XP level 2. HP: 11/19 MP: 10/10
   565 | D:1      | Became a worshipper of Nemelex Xobeh the Trickster
  1062 | D:1      | Reached XP level 3. HP: 10/25 MP: 11/11
  1371 | D:2      | Received a gift from Nemelex Xobeh
  1371 | D:2      | Received a gift from Nemelex Xobeh
  1939 | D:2      | Reached skill level 1 in Invocations
  2184 | D:2      | Reached skill level 1 in Fighting
  2184 | D:2      | Reached skill level 1 in Short Blades
  2184 | D:2      | Reached skill level 1 in Long Blades
  2184 | D:2      | Reached skill level 1 in Axes
  2184 | D:2      | Reached skill level 1 in Maces & Flails
  2184 | D:2      | Reached skill level 1 in Polearms
  2184 | D:2      | Reached skill level 1 in Staves
  2184 | D:2      | Reached skill level 1 in Slings
  2184 | D:2      | Reached skill level 1 in Bows
  2184 | D:2      | Reached skill level 1 in Crossbows
  2184 | D:2      | Reached skill level 1 in Armour
  2184 | D:2      | Reached skill level 1 in Dodging
  2184 | D:2      | Reached skill level 1 in Shields
  2184 | D:2      | Reached skill level 1 in Unarmed Combat
  2184 | D:2      | Reached skill level 1 in Evocations
  2184 | D:2      | Reached XP level 4. HP: 25/32 MP: 13/13
  2257 | D:2      | Found a burning altar of Makhleb.
  2326 | D:2      | Reached * piety under Nemelex Xobeh
  2564 | D:3      | Learned a level 2 spell: Ensorcelled Hibernation
  2567 | D:3      | Learned a level 2 spell: Throw Frost
  2585 | D:3      | Noticed a centaur
  2591 | D:3      | Received a gift from Nemelex Xobeh
  2596 | D:3      | HP: 1/32 [centaur/arrow (15)]
  2604 | D:3      | Shot with an arrow by a centaur

Skill      XL: |  1  2  3 |
---------------+----------+-----
Charms         | 2 |  2.2
Air Magic      | 2 |  2.2
Invocations    | 1 |  1.2
Fighting       | 1 |  1.1
Short Blades   | 1 |  1.1
Long Blades    | 1 |  1.1
Axes           | 1 |  1.1
Maces & Flails | 1 |  1.1
Polearms       | 1 |  1.1
Staves         | 1 |  1.1
Slings         | 1 |  1.1
Bows           | 1 |  1.1
Crossbows      | 1 |  1.1
Armour         | 1 |  1.1
Dodging        | 1 |  1.1
Shields        | 1 |  1.1
Unarmed Combat | 1 |  1.1
Evocations     | 1 |  1.1
Throwing       | |  2.7
Stealth        | |  2.5
Spellcasting   | |  7.2
Conjurations   | |  0.8
Hexes          | |  0.8
Summonings     | |  0.8
Necromancy     | |  0.8
Translocations | |  0.8
Transmutations | |  5.4
Fire Magic     | |  0.8
Ice Magic      | |  0.8
Earth Magic    | |  0.8
Poison Magic   | |  0.8

Action                   |  1- 3 |  4- 6 || total
-------------------------+-------+-------++-------
Melee: Dagger            |   124 |    12 ||   136
       Bite              |    20 |       ||    20
 Cast: Throw Frost       |       |     2 ||     2
       Ensorcelled Hiber |       |     1 ||     1
Evoke: Deck              |     2 |     1 ||     3
  Use: Scroll            |     5 |     4 ||     9
 Stab: Sleeping          |     1 |       ||     1
  Eat: Chunk             |     4 |     1 ||     5
Armor: Robe              |    27 |     8 ||    35
Dodge: Dodged            |    60 |    26 ||    86
